 Dungeon Crawl Stone Soup version 0.31-a0-202-g547052bce9 (webtiles) character file.

Game seed: 9381354221560332363

6 qw the Shooter (level 1, 0/12 HPs)
             Began as a Deep Elf Hunter on June 26, 2023.
             Slain by a jackal (3 damage)
             ... on level 1 of the Dungeon.
             The game lasted 00:00:02 (80 turns).

qw the Shooter (Deep Elf Hunter)                      Turns: 80, Time: 00:00:03

Health: 0/12       AC:  3    Str:  8    XL:     1   Next: 75%
Magic:  3/3        EV: 12    Int: 13    God:
Gold:   18         SH:  0    Dex: 18    Spells: 0/0 levels left

rFire   . . .        a - +0 shortbow
rCold   . . .        (shield currently unavailable)
rNeg    . . .        c - +0 leather armour
rPois   .            (no helmet)
rElec   .            (no cloak)
rCorr   .            (no gloves)
SInv    .            (no boots)
Will    .....        (no amulet)
Stlth   ++           (no ring)
HPRegen 0.22/turn    (no ring)
MPRegen 0.08/turn

%: no passive effects
@: no status effects
A: no striking features
a: no special abilities


You were on level 1 of the Dungeon.
You visited 1 branch of the dungeon, and saw 1 of its levels.

You collected 18 gold pieces.


   Skills:
 - Level 1.5 Fighting
 + Level 5.8 Ranged Weapons
 - Level 2.4 Dodging
 - Level 1.2 Stealth


You couldn't memorise any spells.
You didn't know any spells.
Your spell library was empty.

Inventory:

Hand Weapons
 a - a +0 shortbow (weapon)
Armour
 c - a +0 leather armour (worn)
Scrolls
 b - a scroll of butterflies

Dungeon Overview and Level Annotations

Branches:
Dungeon (1/15)

Altars:


Message History

The jackal closely misses you. The jackal bites you.
You shoot an arrow. The arrow hits the jackal!
You kill the jackal!
The ball python bites you. The ball python closely misses you.
The jackal closely misses you.
You shoot an arrow.
The arrow hits the jackal but does no damage.
The jackal is heavily wounded.
The ball python bites you but does no damage.
The ball python barely misses you. The jackal barely misses you.
You shoot an arrow.
The arrow hits the jackal but does no damage.
The jackal is heavily wounded.
The jackal misses you.
The ball python bites you but does no damage.
The ball python grabs you. The ball python constricts you.
The jackal barely misses you. The ball python barely misses you.
The ball python constricts you.
You shoot an arrow.
The arrow closely misses the ball python.
The jackal bites you.
The ball python bites you but does no damage.
The ball python constricts you. The jackal bites you.
You shoot an arrow.
The arrow closely misses the ball python.
The ball python bites you but does no damage.
The ball python constricts you. The jackal closely misses you.
The ball python bites you. The ball python constricts you.
You shoot an arrow. The arrow hits the ball python!
You kill the ball python!
The jackal barely misses you. The jackal misses you.
You shoot an arrow. The arrow barely misses the jackal.
The jackal bites you but does no damage. x2
You shoot an arrow. The arrow barely misses the jackal.
The jackal barely misses you.
You shoot an arrow. The arrow hits the jackal.
The jackal is almost dead.
A ball python comes into view.
The jackal misses you. The jackal bites you.
You die...

## ...## ...... ....%.#
%..%..h##########
.......@........########
.S......^...............
......###########.######
....#. #...#### ... #
###....# ## ####.. ###.
#... #...


You could see a jackal and a ball python (wandering).

Vanquished Creatures
  3 jackals (D:1)
  2 ball pythons (D:1)
5 creatures vanquished.

Notes
Turn   | Place    | Note
-------+----------+-------------------------------------------
     0 | D:1      | qw the Deep Elf Hunter began the quest for the Orb.
     0 | D:1      | Reached XP level 1. HP: 12/12 MP: 3/3
     0 | D:1      | 0 ||| qw: Version: 0.3-a-22-g0ed2b0b
     0 | D:1      | 0 ||| qw: Game counter: 6347
     0 | D:1      | 0 ||| qw: Melee chars always use a shield: true
     0 | D:1      | 0 ||| qw: God list: Okawaru
     0 | D:1      | 0 ||| qw: Allow faded altars: false
     0 | D:1      | 0 ||| qw: Do Orc after clearing Dungeon:15 true
     0 | D:1      | 0 ||| qw: Do second Lair branch before Depths: true
     0 | D:1      | 0 ||| qw: Lair rune preference: random
     0 | D:1      | 0 ||| qw: Goals: Normal
     0 | D:1      | 0 ||| PLANNING D:1-11
    76 | D:1      | HP: 2/12 [ball python (3)]
    80 | D:1      | Slain by a jackal

Levels and vault maps discovered:
D:1:      saegor_arrival_simple_e, layout_rooms, st_stairs_12

Action                     || total
---------------------------++-------
   Fire: Shortbow          ||    19
 Armour: Leather armour    ||     6
  Dodge: Dodged            ||    13

Table legend:
 A = Non-vault XP
 B = Vault XP
 C = Vault XP percentage of total XP
 D = Non-vault monster count
 E = Vault monster count
 F = Vault count percentage of total count
                 A         B        C        D         E       F
            +---------+---------+-------+---------+---------+-------
      Total |       9 |       0 |   0.0 |       5 |       0 |   0.0
            +---------+---------+-------+---------+---------+-------
        D:1 |       9 |       0 |   0.0 |       5 |       0 |   0.0
            +---------+---------+-------+---------+---------+-------
